Map: Catalyst LE

Players

Harstem

  • Race: Protoss Protoss
  • League: Master
  • Spawn Location: 5:00

AxImpact (Impact) - Winner!

  • Race: Zerg Zerg
  • League: Diamond
  • Spawn Location: 11:00

Event: HomeStory Cup XVI

VOD

Have the link to the VOD?

Description

Time

  • Played on: Nov. 11, 2017, 5:37 p.m.
  • Length: 9:29

All games in this series

Show
View Real Time Build Order
Export as new Build Order

Harstem Protoss 

Build Orders: 1 Gate Expand 

Get SALT Encoding   

  1  0:00  Probe (Chrono Boost)  
  12  0:05  Probe (Chrono Boost)  
  14  0:17  Pylon  
  14  0:23  Probe (Chrono Boost)  
  16  0:37  Probe (Chrono Boost)  
  16  0:40  Gateway  
  16  0:49  Assimilator, Probe (Chrono Boost)  
  17  0:59  Probe (Chrono Boost)  
  18  1:05  Probe (Chrono Boost)  
  19  1:15  Probe (Chrono Boost)  
  20  1:23  Nexus  
  20  1:33  Cybernetics Core  
  20  1:37  Probe (Chrono Boost)  
  21  1:41  Assimilator  
  21  1:45  Zealot  
  23  1:59  Pylon  
  23  2:05  Adept  
  23  2:16  Probe (Chrono Boost)  
  18  2:28  Probe (Chrono Boost)  
  19  2:36  Probe (Chrono Boost)  
  20  2:38  Probe (Chrono Boost)  
  20  2:40  Pylon  
  20  2:43  Probe (Chrono Boost)  
  20  2:50  Probe (Chrono Boost)  
  21  2:55  Probe (Chrono Boost)  
  22  2:59  Adept  
  22  3:02  Probe (Chrono Boost)  
  25  3:05  Probe (Chrono Boost)  
  25  3:11  Probe (Chrono Boost)  
  26  3:15  Probe (Chrono Boost)  
  26  3:18  Assimilator  
  28  3:24  Probe (Chrono Boost)  
  28  3:27  Adept, Probe (Chrono Boost)  
  30  3:31  Pylon  
  30  3:36  Probe (Chrono Boost)  
  30  3:40  Probe (Chrono Boost)  
  35  3:48  Probe (Chrono Boost)  
  35  3:52  Probe (Chrono Boost)  
  36  4:00  Probe (Chrono Boost), Stargate  
  37  4:04  Probe (Chrono Boost)  
  37  4:06  Shield Battery  
  37  4:07  Warp Gate  
  38  4:12  Probe (Chrono Boost)  
  38  4:16  Probe (Chrono Boost)  
  40  4:19  Stalker  
  43  4:24  Probe (Chrono Boost)  
  43  4:27  Oracle  
  43  4:28  Pylon  
  43  4:29  Probe (Chrono Boost)  
  44  4:36  Shield Battery, Probe (Chrono Boost)  
  45  4:44  Pylon  
  46  4:51  Probe (Chrono Boost)  
  46  4:52  Probe (Chrono Boost)  
  42  5:03  Probe (Chrono Boost)  
  42  5:04  Phoenix, Probe (Chrono Boost)  
  44  5:07  Pylon  
  47  5:15  Probe (Chrono Boost)  
  47  5:16  Probe (Chrono Boost)  
  48  5:28  Probe x2 (Chrono Boost)  
  50  5:40  Gateway, Probe x2 (Chrono Boost)  
  50  5:42  Gateway  
  52  5:43  Assimilator  
  52  5:44  Pylon  
  52  5:45  Assimilator  
  52  5:52  Probe x2 (Chrono Boost)  
  52  5:53  Forge  
  52  5:55  Twilight Council  
  52  5:56  Adept  
  52  5:57  Pylon  
  57  6:04  Probe (Chrono Boost)  
  57  6:06  Robotics Facility  
  57  6:07  Probe (Chrono Boost)  
  58  6:15  Protoss Ground Weapons Level 1  
  58  6:16  Probe (Chrono Boost)  
  60  6:19  Blink, Probe (Chrono Boost)  
  60  6:28  Probe (Chrono Boost)  
  60  6:31  Probe (Chrono Boost)  
  62  6:38  Sentry  
  65  6:40  Probe (Chrono Boost)  
  65  6:43  Probe (Chrono Boost)  
  66  6:48  Nexus  
  66  6:50  Pylon  
  66  6:53  Zealot  
  68  7:03  Warp Prism, Gateway  
  68  7:05  Sentry x2  
  68  7:07  Gateway  
  75  7:08  Probe (Chrono Boost), Pylon  
  75  7:17  Shield Battery  
  75  7:20  Probe (Chrono Boost)  
  75  7:22  Sentry  
  79  7:27  Gateway  
  79  7:28  Zealot  
  79  7:29  Zealot  
  81  7:31  Gateway  
  81  7:33  Probe (Chrono Boost)  
  81  7:34  Probe (Chrono Boost)  
  80  7:42  Observer  
  79  7:46  Probe x2 (Chrono Boost)  
  80  7:58  Probe x2 (Chrono Boost)  
  82  7:59  Stalker x2, Sentry x2  
  82  8:02  Shield Battery  
  90  8:10  Probe (Chrono Boost)  
  90  8:12  Robotics Bay  
  92  8:15  Shield Battery  
  92  8:18  Probe (Chrono Boost)  
  92  8:19  Assimilator  
  92  8:22  Assimilator, Shield Battery  
  92  8:24  Stalker  
  92  8:25  Pylon  
  94  8:30  Stalker  
  96  8:36  Stalker x2  
  96  8:38  Shield Battery, Sentry  
  102  8:47  Stalker  
  102  8:48  Stalker x2  
  100  8:55  Stalker  
  90  8:58  Probe x2 (Chrono Boost)  
  90  8:59  Probe (Chrono Boost)  
  87  9:04  Stalker  
  77  9:10  Probe x2 (Chrono Boost)  
  77  9:11  Probe (Chrono Boost)  
  77  9:12  Stalker x2  
Show
View Real Time Build Order
Export as new Build Order

AxImpact Zerg - Winner!

Build Orders: Pool First 

Get SALT Encoding   

  12  0:18  Spawning Pool  
  11  0:22  Drone  
  11  0:26  Drone  
  13  0:30  Drone  
  14  0:39  Overlord  
  14  1:04  Zergling x4  
  14  1:05  Zergling x2  
  17  1:15  Zergling x2  
  18  1:19  Hatchery  
  17  1:27  Zergling x2  
  18  1:34  Queen  
  18  1:38  Zergling x2  
  21  1:41  Extractor  
  20  1:48  Drone  
  21  2:01  Overlord  
  21  2:11  Drone  
  21  2:19  Queen  
  22  2:24  Drone  
  23  2:30  Drone  
  23  2:31  Drone  
  25  2:41  Drone  
  25  2:44  Drone  
  27  2:45  Drone  
  27  2:48  Drone  
  27  2:53  Metabolic Boost  
  27  2:58  Drone  
  27  3:00  Drone  
  27  3:04  Drone  
  29  3:10  Drone  
  29  3:15  Evolution Chamber  
  28  3:25  Overlord  
  28  3:27  Zergling x2  
  28  3:28  Zergling x6  
  28  3:33  Zergling x6  
  35  3:45  Zergling x10  
  40  3:51  Zergling x4  
  42  3:59  Overlord  
  42  4:04  Drone x2  
  44  4:10  Overlord  
  43  4:17  Drone  
  43  4:18  Drone  
  45  4:35  Drone x2, Hatchery  
  45  4:36  Drone  
  47  4:39  Drone  
  47  4:40  Drone  
  47  4:46  Drone  
  47  4:47  Drone  
  47  4:48  Drone x2  
  47  4:50  Drone  
  47  4:58  Drone  
  47  4:59  Drone  
  48  5:01  Extractor  
  48  5:02  Extractor  
  48  5:06  Spore Crawler  
  45  5:07  Spore Crawler  
  45  5:08  Drone x2  
  46  5:16  Queen, Drone  
  46  5:18  Drone  
  46  5:19  Drone x2  
  46  5:20  Drone  
  53  5:23  Drone x2  
  53  5:25  Drone  
  56  5:29  Drone  
  56  5:32  Lair  
  56  5:33  Drone  
  58  5:41  Overlord  
  58  5:42  Overlord  
  57  5:52  Drone  
  57  5:54  Spore Crawler  
  57  5:56  Drone  
  58  5:59  Queen  
  58  6:00  Zerg Missile Weapons Level 1  
  58  6:01  Drone  
  58  6:03  Drone x2  
  65  6:04  Extractor, Drone  
  65  6:08  Drone x2  
  65  6:17  Drone x3  
  66  6:20  Overlord x2  
  63  6:31  Hydralisk Den  
  62  6:33  Overlord x2  
  62  6:39  Overseer  
  61  6:43  Drone x2  
  61  6:44  Drone x2  
  61  6:45  Drone  
  66  6:50  Overlord x3  
  66  7:00  Hydralisk  
  66  7:01  Muscular Augments, Hydralisk x4  
  68  7:03  Hydralisk  
  78  7:08  Hydralisk  
  78  7:12  Hydralisk  
  78  7:14  Overlord x2  
  82  7:17  Hydralisk  
  84  7:23  Hydralisk  
  84  7:27  Hydralisk  
  88  7:31  Hydralisk  
  88  7:34  Overlord  
  88  7:35  Hydralisk  
  92  7:41  Hydralisk  
  93  7:47  Extractor, Drone x3  
  93  7:48  Hydralisk  
  93  7:50  Hydralisk  
  98  7:53  Hydralisk  
  99  7:59  Hydralisk  
  99  8:01  Zergling x16  
  99  8:05  Hydralisk  
  109  8:06  Zergling x6  
  109  8:09  Hydralisk  
  109  8:12  Hydralisk  
  118  8:16  Zergling x4  
  118  8:18  Zergling x2  
  121  8:21  Zergling x2  
  121  8:23  Overlord  
  121  8:25  Overlord  
  121  8:26  Overlord, Hatchery  
  121  8:29  Overlord  
  121  8:44  Zergling x2  
  121  8:45  Zergling x20  
  126  8:50  Zergling x2  
  126  8:54  Zergling x2  
  126  8:55  Roach Warren  
  121  8:58  Zergling x4  
  121  9:02  Zergling x6  
  117  9:05  Zergling x4  
  117  9:07  Zergling x2  
  116  9:10  Zergling x2  
  116  9:11  Zergling x2  
Tags
 
Add a new tag
Caveats
  • Supply blocks, unpowered buildings, or Contaminate may cause inaccurate times.
  • Supply counts are checked every 10 seconds.